Map: Ruins of Endion

Players

Tonho

  • Race: Protoss Protoss
  • League: Master

Miszu - Winner!

  • Race: Terran Terran
  • League: Master

VOD

Have the link to the VOD?

Description

Time

  • Played on: April 29, 2016, 12:07 p.m.
  • Length: 14:30
Show
View Real Time Build Order
Export as new Build Order

Tonho Protoss 

Build Orders: 1 Gate Expand, Colossus Rush 

Get SALT Encoding   

  12  0:01  Probe (Chrono Boost)  
  13  0:11  Probe (Chrono Boost)  
  14  0:18  Pylon  
  14  0:22  Probe (Chrono Boost)  
  15  0:37  Gateway, Probe (Chrono Boost)  
  16  0:47  Probe (Chrono Boost)  
  16  0:48  Assimilator  
  17  0:58  Probe (Chrono Boost)  
  18  1:08  Probe (Chrono Boost)  
  19  1:21  Nexus  
  20  1:25  Probe (Chrono Boost)  
  20  1:33  Cybernetics Core  
  20  1:37  Probe (Chrono Boost)  
  21  1:50  Probe (Chrono Boost)  
  21  1:53  Assimilator  
  22  2:00  Probe (Chrono Boost)  
  23  2:04  Pylon  
  23  2:22  Adept, Mothership Core (Chrono Boost)  
  27  2:23  Warp Gate  
  27  2:34  Probe (Chrono Boost)  
  28  2:37  Pylon  
  28  2:41  Probe (Chrono Boost)  
  29  2:45  Probe (Chrono Boost)  
  31  2:51  Probe (Chrono Boost)  
  31  2:55  Robotics Facility, Probe (Chrono Boost)  
  32  3:02  Probe (Chrono Boost)  
  33  3:06  Probe (Chrono Boost)  
  33  3:11  Forge  
  33  3:12  Probe (Chrono Boost)  
  35  3:20  Gateway  
  35  3:21  Probe (Chrono Boost)  
  35  3:23  Probe (Chrono Boost)  
  37  3:32  Probe (Chrono Boost)  
  37  3:33  Assimilator  
  38  3:36  Probe (Chrono Boost)  
  39  3:41  Probe (Chrono Boost)  
  39  3:43  Observer (Chrono Boost)  
  39  3:44  Robotics Bay  
  39  3:46  Probe (Chrono Boost)  
  42  3:51  Probe  
  42  3:55  Pylon  
  43  3:58  Assimilator, Probe  
  46  4:02  Warp Prism (Chrono Boost)  
  46  4:09  Probe  
  46  4:12  Pylon  
  46  4:14  Probe  
  48  4:19  Probe  
  48  4:21  Photon Cannon  
  49  4:26  Probe  
  49  4:30  Probe  
  50  4:33  Disruptor (Chrono Boost)  
  50  4:36  Gravitic Drive  
  54  4:47  Probe  
  54  4:49  Protoss Ground Weapons Level 1  
  54  4:51  Twilight Council  
  55  4:55  Gateway  
  55  4:57  Gateway  
  55  4:58  Pylon  
  55  5:06  Colossus (Chrono Boost)  
  61  5:17  Pylon  
  61  5:19  Gateway  
  61  5:36  Blink (Chrono Boost)  
  61  5:43  Stalker  
  61  5:48  Gateway  
  63  5:51  Gateway  
  63  5:53  Colossus (Chrono Boost), Pylon  
  63  5:56  Stalker  
  71  6:09  Stalker x3  
  77  6:31  Stalker  
  79  6:34  Colossus (Chrono Boost)  
  85  6:46  Stalker x4  
  93  6:53  Pylon  
  93  6:55  Pylon  
  93  6:56  Photon Cannon  
  93  6:57  Pylon  
  93  7:01  Pylon  
  93  7:24  Stalker x2  
  93  7:25  Stalker x5  
  93  7:26  Observer  
  108  7:36  Pylon  
  108  7:46  Colossus  
  104  7:59  Probe x2  
  104  8:02  Stalker  
  104  8:03  Sentry, Stalker x2  
  104  8:04  Sentry  
  116  8:11  Probe x2  
  118  8:18  Pylon  
  118  8:40  Photon Cannon  
  118  8:43  Photon Cannon  
  110  9:04  Stalker x5  
  85  9:54  Pylon  
  53  11:11  Pylon  
  44  12:55  Robotics Facility  
  44  13:54  Observer  
Show
View Real Time Build Order
Export as new Build Order

Miszu Terran - Winner!

Build Orders: Command Center First (CC), MMM Bio 

Get SALT Encoding   

  12  0:00  SCV  
  13  0:13  SCV  
  14  0:17  Supply Depot  
  14  0:26  SCV  
  15  0:39  SCV  
  16  0:51  SCV  
  17  1:00  Command Center  
  17  1:03  SCV  
  18  1:15  SCV  
  19  1:19  Barracks  
  19  1:27  SCV  
  20  1:33  Barracks  
  21  1:40  SCV  
  21  1:44  Barracks  
  21  1:52  SCV  
  22  2:06  Orbital Command  
  22  2:07  Marine  
  23  2:18  Orbital Command  
  23  2:21  Marine  
  24  2:24  Marine  
  25  2:31  SCV  
  25  2:32  Marine  
  25  2:35  Refinery  
  25  2:37  Refinery  
  27  2:39  Marine  
  27  2:42  Marine  
  27  2:43  SCV  
  27  2:44  SCV  
  31  2:50  Marine  
  32  2:55  SCV  
  32  2:56  SCV  
  32  2:58  Supply Depot, Marine  
  35  3:06  Barracks Tech Lab  
  35  3:07  SCV  
  35  3:08  Marine, SCV  
  38  3:19  Marine  
  39  3:21  Supply Depot  
  39  3:23  SCV  
  39  3:24  SCV  
  39  3:25  Marine  
  42  3:27  Marine  
  42  3:29  Stimpack  
  42  3:31  Supply Depot  
  43  3:35  SCV  
  43  3:36  SCV  
  43  3:38  Marine  
  46  3:43  Marine  
  46  3:45  Marine  
  46  3:47  SCV  
  49  3:48  SCV  
  49  3:52  Factory  
  49  3:54  Supply Depot, Refinery  
  50  3:56  Marine  
  50  4:01  Marine, SCV x2  
  54  4:03  Marine  
  55  4:10  Engineering Bay  
  55  4:13  SCV x2  
  55  4:14  Marine  
  58  4:17  Supply Depot  
  58  4:20  Marine  
  58  4:21  Marine  
  60  4:25  SCV x2  
  62  4:36  Terran Infantry Weapons Level 1  
  62  4:37  Starport, SCV x2  
  62  4:38  Factory Reactor  
  64  4:40  Barracks Reactor  
  64  4:41  Barracks Tech Lab  
  64  4:42  Missile Turret  
  64  4:44  Missile Turret  
  64  4:45  Marauder  
  66  4:49  SCV  
  66  4:50  SCV  
  68  4:59  Supply Depot, Marauder  
  70  5:01  SCV  
  70  5:04  SCV  
  70  5:06  Combat Shields  
  72  5:13  SCV  
  73  5:20  Command Center, Factory Reactor  
  73  5:21  Marine x2  
  73  5:23  Medivac  
  73  5:25  Medivac  
  73  5:27  Refinery, SCV  
  73  5:28  SCV  
  81  5:33  Supply Depot  
  71  5:38  Supply Depot  
  71  5:39  SCV  
  71  5:42  SCV  
  73  5:50  Marine x3, Marauder  
  73  5:56  Widow Mine  
  80  5:57  Medivac, Barracks x2, Widow Mine  
  80  5:59  Medivac  
  86  6:05  SCV x2  
  86  6:10  Supply Depot  
  84  6:13  Supply Depot  
  84  6:14  Marine  
  84  6:16  Marine x2  
  84  6:17  SCV  
  86  6:27  SCV  
  86  6:29  Marauder, SCV  
  86  6:32  Marine  
  90  6:37  Marauder, Widow Mine x2  
  90  6:38  Medivac  
  90  6:39  SCV  
  93  6:47  Marine  
  93  6:49  Barracks Reactor, Barracks Tech Lab  
  93  6:50  Marauder  
  96  6:56  SCV  
  96  6:58  Marauder  
  96  7:00  Marine  
  100  7:02  Medivac  
  100  7:06  Orbital Command  
  102  7:10  Supply Depot, SCV  
  102  7:11  SCV  
  102  7:12  Marauder  
  101  7:17  Marauder  
  102  7:24  Widow Mine x2  
  102  7:25  Marine, Marauder  
  109  7:33  Marauder  
  109  7:36  Marine  
  111  7:37  Medivac x2  
  111  7:39  Marauder  
  118  7:48  Marine  
  118  7:49  Marauder  
  118  7:51  Marine x2  
  121  7:55  Marauder  
  124  7:58  Marine  
  124  8:05  SCV x3  
  130  8:06  Supply Depot  
  130  8:07  Supply Depot  
  130  8:11  Terran Infantry Armor Level 1  
  128  8:15  Engineering Bay  
  128  8:16  Armory  
  128  8:17  SCV  
  129  8:31  Marauder  
  130  8:34  Marine  
  130  8:35  Supply Depot, Marine x3, Marauder  
  130  8:40  Marauder  
  138  8:43  Widow Mine x2  
  138  8:44  Medivac x2  
  146  8:52  Marine x2  
  129  8:56  Marauder  
  129  8:57  Marine, Liberator x2  
  129  8:58  Marine  
  129  9:02  Marine, Marauder  
  134  9:10  Marine, Marauder  
  142  9:18  Marine, Marauder  
  142  9:23  Marauder  
  142  9:24  Marine x2  
  142  9:28  Marine  
  139  9:32  Marauder  
  129  9:57  Supply Depot  
  129  9:58  Supply Depot  
  118  10:24  Supply Depot x2  
  118  10:27  Supply Depot  
  97  10:51  Marauder  
  97  10:52  Marine x2  
  93  11:16  Marine, Widow Mine  
  93  11:17  Marine x4, Marauder  
  102  11:58  Orbital Command  
  102  12:02  Supply Depot  
  102  12:03  Supply Depot  
  95  12:23  Marine x2, Liberator  
  95  12:24  Marine, Marauder  
  95  12:25  Marauder, Liberator  
  95  12:26  Marauder  
  102  12:46  Marauder x2  
  102  12:54  Supply Depot, Marine, Marauder  
  102  12:56  Marine  
  106  13:03  Marine  
  107  13:07  Marauder x2  
  111  13:15  Marauder  
  113  13:21  Marine  
  114  13:28  Marine x2, Marauder  
  118  13:40  Marine  
Tags
 
Add a new tag
Caveats
  • Supply blocks, unpowered buildings, or Contaminate may cause inaccurate times.
  • Supply counts are checked every 10 seconds.